 Dungeon Crawl Stone Soup version 0.21-a0-504-g2eda330 (webtiles) character file.

91 Laiders the Magician (level 4, 0/24 HPs)
             Began as a Deep Elf Wizard on Nov 24, 2017.
             Slain by KristoblXynda's ghost (9 damage)
             ... on level 3 of the Dungeon on Nov 26, 2017.
             The game lasted 00:09:58 (2748 turns).

Laiders the Magician (Deep Elf Wizard)              Turns: 2748, Time: 00:09:59

Health: 0/24       AC:  3    Str:  4    XL:     4   Next: 33%
Magic:  6/13       EV: 13    Int: 24    God:
Gold:   98         SH:  0    Dex: 13    Spells: 3/14 levels left

rFire    . . .     SeeInvis .   j - +0 short sword
rCold    . . .     Gourm    .   (no shield)
rNeg     . . .     Faith    .   a - +0 robe
rPois    .         Spirit   .   b - +0 hat
rElec    .         Reflect  .   (no cloak)
rCorr    .         Harm     .   p - +0 pair of gloves
MR       .....                  (no boots)
Stlth    ++........             m - amulet of magic regeneration
HPRegen  0.08/turn              (no ring)
MPRegen  0.38/turn              (no ring)

@: very slightly contaminated
A: no striking features
a: no special abilities


You were on level 3 of the Dungeon.
You were hungry.

You visited 1 branch of the dungeon, and saw 3 of its levels.

You collected 98 gold pieces.

Inventory:

Hand Weapons
 j - a +0 short sword (weapon)
Armour
 a - a +0 robe (worn)
 b - a +0 hat (worn)
 p - a +0 pair of gloves (worn)
Jewellery
 l - a +5 amulet of reflection {unknown}
 m - an amulet of magic regeneration (around neck)
 r - a +6 ring of strength {unknown}
Scrolls
 k - a scroll of teleportation {unknown}
 q - a scroll of random uselessness {unknown}
 s - 2 scrolls of magic mapping {unknown}
 t - a scroll of identify
Potions
 e - 4 potions of curing {unknown}
 f - a potion of degeneration {unknown}
 g - a potion of heal wounds {unknown}
 h - 2 potions of resistance {unknown}
 n - a potion of haste {unknown}
Books
 c - a book of Minor Magic

   Spells                             Type                      Level
   a - Magic Dart                     Conjuration                  1
   b - Blink                          Translocation                2
   c - Call Imp                       Summoning                    2
   d - Slow                           Hexes                        2
   e - Conjure Flame                  Conjuration/Fire             3
   f - Mephitic Cloud                 Conjuration/Poison/Air       3
Comestibles
 d - 3 bread rations
 i - a meat ration
 o - a royal jelly


   Skills:
 - Level 2.4 Dodging
 - Level 2.4 Stealth
 + Level 5.9 Spellcasting
 + Level 3.3 Conjurations
 - Level 1.1 Summonings
 - Level 1.1 Translocations


You had 3 spell levels left.
You knew the following spells:

 Your Spells              Type           Power        Failure   Level  Hunger
a - Magic Dart            Conj           ###.         1%          1    None
b - Blink                 Tloc           N/A          8%          2    None
c - Call Imp              Summ           ##......     8%          2    None
d - Mephitic Cloud        Conj/Pois/Air  ##......     16%         3    #......
e - Conjure Flame         Conj/Fire      ###.....     12%         3    #......


Dungeon Overview and Level Annotations

Branches:
Dungeon (3/15)

Altars:
Okawaru

Annotations:
D:3 KristoblXynda's ghost, amateur GnSk


Message History

The magic dart hits KristoblXynda's ghost.
KristoblXynda's ghost is moderately damaged.
KristoblXynda's ghost hits you!
Casting: Magic Dart
Confirm with . or Enter, or press ? or * to list all spells.
Aiming: Magic Dart
Press: ? - help, Shift-Dir - straight line, f/p - KristoblXynda's ghost
Aim: KristoblXynda's ghost (moderately damaged, regenerating)
The magic dart hits KristoblXynda's ghost.
KristoblXynda's ghost is moderately damaged.
KristoblXynda's ghost barely misses you.
Casting: Magic Dart
Confirm with . or Enter, or press ? or * to list all spells.
Aiming: Magic Dart
Press: ? - help, Shift-Dir - straight line, f/p - KristoblXynda's ghost
Aim: KristoblXynda's ghost (moderately damaged, regenerating)
The magic dart hits KristoblXynda's ghost.
KristoblXynda's ghost is heavily damaged.
KristoblXynda's ghost hits you!
You die...

#.# #.#########
#######...[....<##
#.................
#.################
# #.# #.#.# ####
.. #.#.##.....
.... #..@.......
.... #.#W##.....
.... #.#)# ####
.... # #.# #.# #†#
#.###### #......#
#......#


You could see KristoblXynda's ghost.

Vanquished Creatures
  3 adders (D:2)
  2 worms (D:2)
  A dart slug (D:1)
  2 leopard geckos
  2 giant cockroaches
  2 goblins
  10 hobgoblins
  4 jackals (D:1)
  A quokka (D:2)
  10 bats
  3 frilled lizards
  2 kobolds (D:1)
  10 rats
52 creatures vanquished.

Notes
Turn   | Place    | Note
-------+----------+-------------------------------------------
     0 | D:1      | Laiders the Deep Elf Wizard began the quest for the Orb.
     0 | D:1      | Reached XP level 1. HP: 10/10 MP: 7/7
   441 | D:1      | Reached XP level 2. HP: 15/15 MP: 6/9
   449 | D:1      | Learned a level 2 spell: Blink
   452 | D:1      | Learned a level 2 spell: Call Imp
   527 | D:1      | Found an iron altar of Okawaru.
   638 | D:1      | Reached skill level 5 in Spellcasting
  1158 | D:1      | Upgraded the game from 0.21-a0-498-g1b60429 to 0.21-a0-504-g2eda330
  1232 | D:1      | Reached XP level 3. HP: 9/19 MP: 5/11
  1404 | D:1      | Learned a level 3 spell: Mephitic Cloud
  1408 | D:1      | Learned a level 3 spell: Conjure Flame
  2099 | D:2      | Reached XP level 4. HP: 24/24 MP: 7/13
  2726 | D:3      | Noticed KristoblXynda's ghost (amateur GnSk)
  2748 | D:3      | Slain by KristoblXynda's ghost

Vault maps used:
D:1:      wheals_arrival_linesprint, okawaru_ov_weapons_minmay
D:2:      first_bread, st_stairs_14, minmay_misc_feat_alley
D:3:      kennysheep_the_goblin_king, uniq_robin

Skill      XL: |  1  2  3 |
---------------+----------+-----
Conjurations   | 2 3 |  3.3
Spellcasting   | 5 |  5.9
Dodging        | |  2.4
Stealth        | |  2.4
Summonings     | |  1.1
Translocations | |  1.1

Action                   |  1- 3 |  4- 6 || total
-------------------------+-------+-------++-------
Melee: Club              |     8 |       ||     8
       Unarmed           |     3 |       ||     3
       Short sword       |    60 |       ||    60
 Cast: Magic Dart        |    90 |    32 ||   122
  Use: Scroll            |     2 |       ||     2
  Eat: Chunk             |     4 |     1 ||     5
Armor: Robe              |    26 |     4 ||    30
Dodge: Dodged            |   112 |     8 ||   120

Table legend:
 A = Spawn XP
 B = Non-spawn XP
 C = Spawn XP percentage of total XP
 D = Spawn monster count
 E = Non-spawn monster count
 F = Spawn count percentage of total count
 G = Total turns spent on level
                    A         B        C        D         E        F      G
               +---------+---------+-------+---------+---------+-------+---------
         Total |       0 |     130 |   0.0 |       0 |      52 |   0.0 |  2748
               +---------+---------+-------+---------+---------+-------+---------
           D:1 |       0 |      53 |   0.0 |       0 |      30 |   0.0 |  1635
           D:2 |       0 |      73 |   0.0 |       0 |      19 |   0.0 |  1039
           D:3 |       0 |       4 |   0.0 |       0 |       3 |   0.0 |    74
               +---------+---------+-------+---------+---------+-------+---------
